 Dungeon Crawl Stone Soup version 0.30.1-9-gdf580d7c3d (webtiles) character file.

Game seed: 6905166400957282233

36 safid the Chiller (level 3, -2/27 HPs)
             Began as a Merfolk Ice Elementalist on Oct 11, 2023.
             Slain by a gnoll
             ... wielding a +0 spear
              (8 damage)
             ... on level 2 of the Dungeon on Oct 12, 2023.
             The game lasted 00:02:37 (1518 turns).

safid the Chiller (Merfolk Ice Elementalist)        Turns: 1518, Time: 00:02:37

Health: -2/27      AC:  2    Str:  8    XL:     3   Next: 37%
Magic:  0/6        EV: 17    Int: 16    God:
Gold:   40         SH:  0    Dex: 14    Spells: 6/7 levels left

rFire   . . .        d - +0 dagger
rCold   . . .        (no shield)
rNeg    . . .        a - +0 robe
rPois   .            (no helmet)
rElec   .            (no cloak)
rCorr   .            (no gloves)
SInv    .            (no boots)
Will    .....        j - amulet of guardian spirit
Stlth   ++           f - +5 ring of evasion
HPRegen 0.24/turn    (no ring)
MPRegen 0.10/turn

%: guardian spirit
@: no status effects
A: (nimble swimmer 2), mertail
a: no special abilities


You were on level 2 of the Dungeon.
You visited 1 branch of the dungeon, and saw 2 of its levels.

You collected 40 gold pieces.

Inventory:

Hand Weapons
 d - a +0 dagger (weapon)
Armour
 a - a +0 robe (worn)
Jewellery
 f - a +5 ring of evasion (left hand)
 j - an amulet of guardian spirit (around neck)
Scrolls
 c - 2 scrolls of identify
 e - 2 scrolls of amnesia
 g - a scroll of teleportation
 h - a scroll of blinking {unknown}
Potions
 b - a potion of magic
 i - a potion of attraction {unknown}


   Skills:
 + Level 1.6 Fighting
 - Level 2.6 Dodging
 - Level 2.1 Stealth
 + Level 2.5 Spellcasting
 + Level 4.8 Ice Magic


You had 6 spell levels left.
You knew the following spells:

 Your Spells              Type           Power      Damage    Failure   Level
a - Freeze                Ice            68%        1d8       2%          1

Your spell library contained the following spells:

 Spells                   Type           Power      Damage    Failure   Level
 Frozen Ramparts          Ice            34%        1d6       9%          3
 Ozocubu's Armour         Ice            17%        N/A       9%          3
 Ensorcelled Hibernation  Hex/Ice        18%        N/A       11%         2
 Passwall                 Tmut/Erth      1%         N/A       30%         2
 Swiftness                Air            2%         N/A       52%         3
 Summon Ice Beast         Ice/Summ       9%         N/A       58%         4


Dungeon Overview and Level Annotations

Branches:
Dungeon (2/15)

Altars:


Innate Abilities, Weirdness & Mutations

((You are very nimble when in or above water. (Stealth+, EV+, Speed+++)))
Your lower body shifts to a powerful aquatic tail in water.


Message History

Aim: a gnoll, wielding a +0 whip (moderately wounded)
You freeze the gnoll.
The gnoll is moderately wounded.
The gnoll misses you. The gnoll closely misses you.
The gnoll completely misses you.
Casting: Freeze (safe; 2% risk of failure)
Confirm with . or Enter, or press ? or * to list all spells.
Aiming: Freeze (safe; 2% risk of failure)
Press: ? - help, Shift-Dir - straight line, f/p - gnoll
Aim: a gnoll, wielding a +0 whip (moderately wounded)
You freeze the gnoll.
The gnoll is almost dead.
The gnoll closely misses you. x2
Unknown command.
Casting: Freeze (safe; 2% risk of failure)
Confirm with . or Enter, or press ? or * to list all spells.
Aiming: Freeze (safe; 2% risk of failure)
Press: ? - help, Shift-Dir - straight line, f/p - gnoll
Aim: a gnoll, wielding a +0 whip (almost dead)
You freeze the gnoll.
The gnoll is almost dead.
The gnoll barely misses you.
Unknown command.
Okay, then.
As you read the scroll labelled PACEHU ANEOWKE, it crumbles to dust.
It is a scroll of identify.
g - a scroll of teleportation The gnoll hits you with a +0 whip!
The gnoll hits you with a +0 whip.
* * * LOW HITPOINT WARNING * * *
The gnoll hits you but does no damage. The kobold completely misses you.
Unknown command.
As you read the scroll labelled XOWKASU ICVEI, it crumbles to dust.
It is a scroll of amnesia.
Really abort (and waste the scroll)? [Y]es or [N]o only, please.
Really abort (and waste the scroll)?
Okay, then.
The gnoll misses you.
The gnoll hits you from afar with a +0 spear!
You die...

###### #..... #.....
#.....
#...gg###############
#...gK@........>....###
#####.g.......##.....>.
#.........##.##.###
#.........##.##.#..
#.........##.##.#.#
#.........##.##.#.#
############.##.#.#
#.##.#.# #.##.#..


You could see 4 gnolls and a kobold.

Vanquished Creatures
  3 dart slugs
  5 ball pythons (D:1)
  3 endoplasms
  A giant cockroach (D:1)
  2 goblins
  4 kobolds
  3 quokkas (D:1)
  4 bats
  2 frilled lizards (D:1)
  2 rats (D:1)
29 creatures vanquished.

Notes
Turn   | Place    | Note
-------+----------+-------------------------------------------
     0 | D:1      | safid the Merfolk Ice Elementalist began the quest for the
                  | Orb.
     0 | D:1      | Reached XP level 1. HP: 13/13 MP: 3/3
   179 | D:1      | Reached XP level 2. HP: 15/20 MP: 5/5
   282 | D:1      | Reached skill level 1 in Fighting
   844 | D:1      | Reached XP level 3. HP: 23/26 MP: 3/6
  1518 | D:2      | Slain by a gnoll

Illustrated notes

Levels and vault maps discovered:
D:1:      moated_graveyard_arrival, layout_basic, serial_bayou,
          serial_bayou_crossing, serial_bayou_shore_b, serial_bayou_pond_b,
          serial_bayou_pond_d, serial_bayou_lagoon_b, serial_bayou_shore_b
D:2:      layout_basic, basic_altar

Skill      XL: |  1  2 |
---------------+-------+-----
Fighting       | 1 |  1.6
Dodging        | |  2.6
Stealth        | |  2.1
Spellcasting   | |  2.5
Ice Magic      | |  4.8

Action                     || total
---------------------------++-------
  Melee: Dagger            ||    40
   Cast: Freeze            ||    41
    Use: Scroll            ||     2
   Stab: Sleeping          ||     1
 Armour: Robe              ||    13
  Dodge: Dodged            ||    63
